 Dungeon Crawl Stone Soup version 0.31.0-11-ge490571c62 (webtiles) character file.

Game seed: 10863632475423562793

210 Fodor the Covered (level 5, -4/47 HPs)
             Began as a Minotaur Fighter on Jan 28, 2024.
             Was a Follower of the Shining One.
             Slain by an ogre
             ... wielding a +0 giant spiked club
              (18 damage)
             ... on level 4 of the Dungeon.
             The game lasted 00:10:01 (2160 turns).

Fodor the Covered (Minotaur Fighter)                Turns: 2160, Time: 00:10:02

Health: -4/47      AC:  7    Str: 22    XL:     5   Next: 57%
Magic:  4/4        EV:  9    Int:  5    God:    the Shining One [*.....]
Gold:   158        SH:  4    Dex: 10    Spells: 4/4 levels left

rFire   x . .        a - +0 war axe
rCold   + + .        c - +0 buckler
rNeg    . . .        b - +0 scale mail
rPois   .            (helmet currently unavailable)
rElec   .            (cloak currently unavailable)
rCorr   .            (gloves currently unavailable)
SInv    .            e - melded +1 pair of boots
Will    .....        (no amulet) Stlth
                     q - ring of protection from cold
HPRegen 0.27/turn    r - ring of ice
MPRegen 0.09/turn

%: no passive effects
@: beast-form, glowing
A: beast (slay +0), horns 2, retaliatory headbutt
a: Begin Untransformation, Renounce Religion, Divine Shield


You were on level 4 of the Dungeon.
You worshipped the Shining One.
The Shining One was aware of your devotion.
You were a hulking beast.
You visited 1 branch of the dungeon, and saw 4 of its levels.

You collected 158 gold pieces.

Inventory:

Hand Weapons
 a - a +0 war axe (weapon)
Missiles
 g - 2 throwing nets (quivered)
Armour
 b - a +0 scale mail (worn)
 c - a +0 buckler (worn)
 e - a +1 pair of boots (melded)
Jewellery
 q - a ring of protection from cold (left hand)
 r - a ring of ice (right hand)
Talismans
 n - a beast talisman (active)
Wands
 o - a wand of mindburst (8)
Scrolls
 h - 3 scrolls of teleportation {unknown}
 i - 5 scrolls of identify {unknown}
 k - a scroll of silence {unknown}
 l - a scroll of poison {unknown}
 p - a scroll of enchant armour {unknown}
Potions
 d - 2 potions of might
 f - 2 potions of lignification {unknown}
 j - 3 potions of curing {unknown}
 m - a potion of mutation {unknown}


   Skills:
 + Level 4.5 Fighting
 + Level 4.6 Axes
 + Level 5.0 Armour
 + Level 0.2 Dodging
 + Level 4.4 Shields
 + Level 0.4 Shapeshifting


You had 4 spell levels left.
You didn't know any spells.
Your spell library contained the following spells:

 Spells                   Type           Power      Damage    Failure   Level
 Scorch                   Fire           0%         2d5       94%         2
 Flame Wave               Conj/Fire      0%         2d4       100%        4
 Summon Cactus Giant      Summ           0%         N/A       100%        6


Dungeon Overview and Level Annotations

Branches:
Dungeon (4/15)
 Temple: D:4-7

Altars:
The Shining One


Innate Abilities, Weirdness & Mutations

You are a hulking beast.
Your limbs bulge with bestial killing power. (Slay +0)
You have a pair of horns on your head.
You reflexively headbutt those who attack you in melee.


Message History

You slash the jackal!
You kill the jackal!
You see here a jackal corpse.
You see here 6 stones.
There is a stone staircase leading up here.
There is a stone staircase leading down here.
You climb downwards.
Found a spear.
There is a stone staircase leading up here.
An iguana comes into view.
The iguana hisses angrily.
You hear a shout!
An ogre comes into view. It is wielding a +0 giant spiked club.
The iguana bites you.
You barely miss the iguana. The iguana barely misses you.
You hit the iguana but do no damage.
You headbutt the iguana, but do no damage.
You block the iguana's attack.
You hit the iguana. Your headbutt misses the iguana.
The iguana is lightly wounded.
The iguana bites you. The iguana bites you!
You barely miss the iguana. Your headbutt misses the iguana.
The iguana is lightly wounded.
You block the iguana's attack.
You hit the iguana. You headbutt the iguana.
The iguana is heavily wounded.
The iguana bites you.
You slash the iguana!
You kill the iguana!
Your Armour skill increases to level 5!
You hit the ogre. You headbutt the ogre.
The ogre is lightly wounded.
The ogre hits you with a +0 giant spiked club!!
* * * LOW HITPOINT WARNING * * *
You hit the ogre.
The ogre is moderately wounded.
The ogre closely misses you. You furiously retaliate!
You headbutt the ogre. You slash the ogre!
The ogre is almost dead.
The ogre hits you with a +0 giant spiked club!!
You die...

.. .##
... ...
#.# #.#
#O# ####
#h# ..#
#.# #.#
#.#
###)###.#
#.......#
#.#.#####
# #.# #<#
........#


You could see an ogre.

Vanquished Creatures
  Natasha (thrice) (D:3)
  Terence (D:3)
  2 iguanas
  2 adders
  A dart slug (D:1)
  2 orcs (D:3)
  2 ball pythons
  2 endoplasms (D:2)
  3 giant cockroaches
  4 goblins
  3 hobgoblins
  4 jackals (D:3)
  A kobold (D:3)
  A quokka (D:3)
  A bat (D:3)
  2 frilled lizards
  4 rats
38 creatures vanquished.

Notes
Turn   | Place    | Note
-------+----------+-------------------------------------------
     0 | D:1      | Fodor the Minotaur Fighter began the quest for the Orb.
     0 | D:1      | Reached XP level 1. HP: 19/19 MP: 0/0
   215 | D:1      | Reached XP level 2. HP: 27/27 MP: 1/1
   320 | D:1      | Found a faded altar of an unknown god.
   324 | D:1      | Prayed at the altar of an unknown god.
   324 | D:1      | Became a worshipper of the Shining One
   324 | D:1      | Reached * piety under the Shining One
  1016 | D:2      | Reached skill level 4 in Armour
  1311 | D:3      | Reached XP level 3. HP: 33/33 MP: 2/2
  1582 | D:3      | Noticed Terence
  1591 | D:3      | Killed Terence
  1592 | D:3      | Reached XP level 4. HP: 25/41 MP: 3/3
  1782 | D:3      | Noticed Natasha
  1792 | D:3      | Killed Natasha
  1821 | D:3      | Noticed Natasha
  1830 | D:3      | Killed Natasha
  1831 | D:3      | Reached XP level 5. HP: 24/47 MP: 4/4
  1955 | D:3      | Noticed Natasha
  1962 | D:3      | Killed Natasha
  2148 | D:4      | Noticed an ogre
  2158 | D:4      | Reached skill level 5 in Armour
  2160 | D:4      | Slain by an ogre

Illustrated notes

Levels and vault maps discovered:
D:1:      scummos_arrival_simple_crosswalls, layout_loops_ring,
          shapermc_ecumenical_altar_mp_urbaneastern
D:2:      layout_loops_ring
D:3:      layout_loops_ring, uniq_natasha, uniq_terence
D:4:      layout_loops_corners, minmay_temple_entry_gardened_gates,
          bh_walls_and_bars, uniq_sigmund, uniq_grinder

Skill      XL: |  1  2  3  4  5 |
---------------+----------------+-----
Fighting       | 4 |  4.5
Armour         | 4 5 |  5.0
Axes           | 3 4 |  4.6
Shields        | 4 |  4.4
Dodging        | |  0.2
Shapeshifting  | |  0.4

Action                     |  1- 3 |  4- 6 || total
---------------------------+-------+-------++-------
  Melee: War axe           |    48 |    39 ||    87
         Headbutt          |    15 |     8 ||    23
 Armour: Scale mail        |    26 |    34 ||    60
  Dodge: Dodged            |    14 |    12 ||    26
  Block: Buckler           |     8 |     7 ||    15
   Form: Beast             |     1 |       ||     1
